Colorado Rockies vs Winnipeg Jets
(R1)
Created - Tuesday, May 2, 2023 at 07:02
Goals
|
| Colorado Rockies |
2 |
1 |
2 |
0 |
2 |
6 |
| Winnipeg Jets |
1 |
1 |
3 |
0 |
1 |
5 |
|
Shots
|
| Colorado Rockies |
17 |
11 |
16 |
0 |
5 |
44 |
| Winnipeg Jets |
5 |
13 |
13 |
0 |
5 |
31 |
|
1st period
1. Winnipeg Jets , Jonathan Marchessault 9 (Kevin Shattenkirk 9, John Klingberg 7) at 1:37
2. Colorado Rockies , Nick Schmaltz 15 (David Pastrnak 19, Ryan O'Reilly 19) at 10:28
3. Colorado Rockies , Jakub Vrana 3 (Victor Hedman 13, Kevin Hayes 11) at 16:40
Penalties :
Zach Werenski (COL) for Cross-checking (Minor) at 1:42, Kyle Palmieri (WPG) for Hooking (Minor) at 17:51
2nd period
4. Winnipeg Jets , Jonathan Marchessault 10 (John Klingberg 8, Sam Steel 2) at 11:15
5. Colorado Rockies , Nick Schmaltz 16 (David Pastrnak 20, Ryan O'Reilly 20) at 18:40 (PP)
Penalties :
Tim Stutzle (COL) for Hooking (Minor) at 0:22, Jacob Trouba (WPG) for Tripping (Minor) at 6:27, Jacob Trouba (WPG) for Holding Stick (Minor) at 18:08, John Klingberg (WPG) for Hooking (Minor) at 19:04
3rd period
6. Colorado Rockies , Kyle Connor 21 (Nikita Kucherov 37) at 1:42 (PP)
7. Winnipeg Jets , Ryan Nugent-Hopkins 17 (Connor McDavid 28, Tyler Toffoli 7) at 7:16 (PP)
8. Colorado Rockies , Ryan O'Reilly 13 (Nick Schmaltz 13, David Pastrnak 21) at 14:02
9. Winnipeg Jets , John Klingberg 1 (Mark Stone 13, Andrew Cogliano 2) at 16:33
10. Winnipeg Jets , Jacob Trouba 3 (Connor McDavid 29) at 17:02 (PP)
Penalties :
Jacob Trouba (WPG) for Holding (Minor) at 1:32, Brandon Montour (WPG) for Interference (Minor) at 2:42, Connor McDavid (WPG) for Hooking (Minor) at 3:33, Martin Fehervary (COL) for Roughing (Minor) at 6:41, Dylan Larkin (WPG) for Hooking (Minor) at 8:35, Kevin Shattenkirk (WPG) for Hooking (Minor) at 11:19, Aaron Ekblad (WPG) for Interference (Minor) at 14:26, Tim Stutzle (COL) for Tripping (Minor) at 16:44, Kyle Palmieri (WPG) for Cross-checking (Minor) at 17:13
Overtime #1
No Goal
Penalties :
No Penalty
Shootout
Colorado Rockies, Jakub Vrana - Stopped by Connor Hellebuyck
Winnipeg Jets, Connor McDavid - Shot Misses the Net
Colorado Rockies, Evgeny Kuznetsov - Stopped by Connor Hellebuyck
Winnipeg Jets, Ryan Nugent-Hopkins - Goal!
Colorado Rockies, Tim Stutzle - Goal!
Winnipeg Jets, Dylan Larkin - Stopped by Andrei Vasilevskiy
Colorado Rockies, Shea Theodore - Stopped by Connor Hellebuyck
Winnipeg Jets, Nick Suzuki - Stopped by Andrei Vasilevskiy
Colorado Rockies, Jesper Bratt - Goal!
Winnipeg Jets, Andrew Copp - Stopped by Andrei Vasilevskiy
Penalties :
No Penalty
Goalie Stats
Andrei Vasilevskiy (COL), 26 saves from 31 shots - (0.839), W, 20-8-2, 65:00 minutes
Connor Hellebuyck (WPG), 39 saves from 44 shots - (0.886), OTL, 17-13-4, 65:00 minutes
Players Stats for Colorado Rockies
Player Name G A P +/- PIM S H SB GA TA FO MP PP MP PK MP
------------------------------------------------------------------------------------
David Pastrnak 0 3 3 2 0 5 2 0 3 0 0/0 17:56 6:48 0:00
Dylan Strome 0 0 0 -1 0 1 1 1 0 0 4/16 10:50 0:00 0:00
Evgeny Kuznetsov 0 0 0 0 0 5 1 0 0 0 14/25 22:12 10:37 0:00
Jakub Vrana 1 0 1 -1 0 1 0 0 0 0 0/0 6:14 0:00 0:00
Jesper Bratt 0 0 0 -1 0 1 3 1 3 0 1/2 12:58 0:00 0:30
Kevin Hayes 0 1 1 -1 0 3 1 0 1 0 0/1 8:57 0:00 2:43
Kyle Connor 1 0 1 0 0 4 0 1 0 0 3/4 22:24 10:37 1:20
Martin Fehervary 0 0 0 -1 2 0 0 1 0 0 0/0 11:12 0:00 2:35
Nick Bonino 0 0 0 -1 0 0 0 0 0 0 2/5 7:43 0:00 1:20
Nick Schmaltz 2 1 3 2 0 7 1 0 0 0 0/0 18:24 6:48 0:30
Nikita Kucherov 0 1 1 0 0 6 1 0 0 1 0/1 22:48 10:37 0:00
Quinn Hughes 0 0 0 0 0 1 0 1 0 0 0/0 28:24 12:07 0:00
Roman Josi 0 0 0 0 0 4 2 1 1 0 0/0 30:27 12:07 1:41
Ryan O'Reilly 1 2 3 2 0 6 0 1 0 1 14/23 21:33 6:48 3:01
Shea Theodore 0 0 0 0 0 0 0 0 0 0 0/0 11:23 0:00 1:41
Tim Stutzle 0 0 0 -1 4 0 2 0 0 1 0/0 13:06 0:00 0:18
Victor Hedman 0 1 1 0 0 0 2 0 0 0 0/0 24:51 5:18 3:10
Zach Werenski 0 0 0 1 2 0 2 1 0 1 0/0 23:43 5:18 0:35
Players Stats for Winnipeg Jets
Player Name G A P +/- PIM S H SB GA TA FO MP PP MP PK MP
------------------------------------------------------------------------------------
Aaron Ekblad 0 0 0 -2 2 3 1 2 1 0 0/0 25:42 2:25 8:32
Andrew Cogliano 0 1 1 2 0 0 0 1 0 0 2/2 15:11 0:00 9:17
Andrew Copp 0 0 0 -1 0 0 0 1 0 0 2/4 14:00 2:31 0:00
Brandon Montour 0 0 0 0 2 2 2 0 0 0 0/0 25:31 2:26 7:31
Connor McDavid 0 2 2 -1 2 4 2 0 0 2 14/27 24:09 2:31 8:26
Dylan Larkin 0 0 0 1 2 2 0 0 1 0 8/14 14:36 2:20 0:00
Jacob Trouba 1 0 1 0 6 2 1 2 1 1 0/0 24:04 2:26 6:06
John Klingberg 1 2 3 2 2 1 0 0 0 0 0/0 15:38 0:00 3:00
Jonathan Marchessault 2 0 2 2 0 4 0 0 0 0 0/0 7:12 0:00 1:36
Kevin Shattenkirk 0 1 1 2 2 0 1 2 0 2 0/0 13:33 0:00 0:07
Kyle Palmieri 0 0 0 -2 4 3 1 0 0 0 0/0 16:42 0:00 5:42
Mark Stone 0 1 1 1 0 3 1 0 0 0 0/2 12:36 2:20 0:00
Mathew Barzal 0 0 0 -2 0 0 1 0 0 0 1/1 11:47 0:00 0:42
Nick Suzuki 0 0 0 -2 0 3 2 0 0 1 8/21 19:46 0:00 7:04
Ryan Nugent-Hopkins 1 0 1 -1 0 4 2 1 1 0 1/1 16:40 2:31 0:44
Sam Steel 0 1 1 2 0 0 0 0 0 0 2/4 4:38 0:00 0:00
Seth Jones 0 0 0 -2 0 0 2 3 0 2 0/0 26:55 2:25 9:44
Tyler Toffoli 0 1 1 1 0 0 1 0 0 0 1/1 12:36 2:20 0:00
3 Stars
1 - Nick Schmaltz (COL)
2 - Ryan O'Reilly (COL)
3 - Jonathan Marchessault (WPG)
Power Play
Colorado Rockies - 2 on 11 Attempt(s) - 18.18%
Winnipeg Jets - 2 on 4 Attempt(s) - 50.00%
Penalty Kill
Colorado Rockies - 2 on 4 Attempt(s) - 50.00%
- Score 0 goal in Penalty Kill
Winnipeg Jets - 9 on 11 Attempt(s) - 81.82%
- Score 0 goal in Penalty Kill
Team Stat
Colorado Rockies - Hits : 18 - Faceoff Wins : 38 - Blocked Shots : 8 - Penalty Minutes : 8
Winnipeg Jets - Hits : 17 - Faceoff Wins : 39 - Blocked Shots : 12 - Penalty Minutes : 22
Official
Referees : Ian Walsh and Mark Lemelin
Linesman : Brian Mach and Ryan Galloway
Game Notes
No Game Note
Finance
Level 1 -- Attendance: 6000 (100.00%) -- Ticket Income $552,000
Level 2 -- Attendance: 4743 (94.86%) -- Ticket Income $260,865
Level 3 -- Attendance: 3000 (100.00%) -- Ticket Income $90,000
Level 4 -- Attendance: 5000 (100.00%) -- Ticket Income $110,000
Luxury Box -- Attendance: 967 (96.70%) -- Ticket Income $183,730
Game was played at the MTS Centre.
Total Attendance: 19710 (98.55%)
Total Ticket Income: $1,196,595
Other Income: $418,808
Total Income: $1,615,403
Colorado Rockies
5 vs 5 Forward
Center Left Wing Right Wing Time % Phy DF OF
1 Evgeny Kuznetsov Kyle Connor Nikita Kucherov 30 1 2 2
2 Ryan O'Reilly Nick Schmaltz David Pastrnak 29 1 2 2
3 Dylan Strome Tim Stutzle Jesper Bratt 29 1 2 2
4 Nick Bonino Kevin Hayes Jakub Vrana 12 1 2 2
5 vs 5 Defense
Defense Defense Time % Phy DF OF
1 Victor Hedman Zach Werenski 35 1 2 2
2 Quinn Hughes Roman Josi 35 1 2 2
3 Shea Theodore Martin Fehervary 22 1 2 2
4 Zach Werenski Shea Theodore 8 1 2 2
PowerPlay Forward
Center Left Wing Right Wing Time % Phy DF OF
1 Evgeny Kuznetsov Kyle Connor Nikita Kucherov 60 1 1 3
2 Ryan O'Reilly Nick Schmaltz David Pastrnak 40 1 2 2
PowerPlay Defense
Defense Defense Time % Phy DF OF
1 Quinn Hughes Roman Josi 60 1 2 2
2 Zach Werenski Victor Hedman 40 1 2 2
Penalty Kill 4 Players Forward
Center Wing Time % Phy DF OF
1 Ryan O'Reilly Kevin Hayes 60 1 2 2
2 Nick Bonino Kyle Connor 40 1 2 2
Penalty Kill 4 Players Defense
Defense Defense Time % Phy DF OF
1 Martin Fehervary Victor Hedman 60 1 2 2
2 Roman Josi Shea Theodore 40 1 2 2
Penalty Kill - 3 Players Forward
Forward Time % Phy DF OF
1 Ryan O'Reilly 60 1 2 2
2 Kevin Hayes 40 1 2 2
Penalty Kill - 3 Players Defense
Defense Defense Time % Phy DF OF
1 Martin Fehervary Victor Hedman 60 1 2 2
2 Roman Josi Shea Theodore 40 1 2 2
4 vs 4 Forward
Center Wing Time % Phy DF OF
1 Ryan O'Reilly Nikita Kucherov 60 1 2 2
2 Evgeny Kuznetsov David Pastrnak 40 1 2 2
4 vs 4 Defense
Defense Defense Time % Phy DF OF
1 Zach Werenski Roman Josi 60 1 2 2
2 Victor Hedman Quinn Hughes 40 1 2 2
Last Minutes Offensive
Center Left Wing Right Wing Defense Defense
Evgeny Kuznetsov Kyle Connor Nikita Kucherov Victor Hedman Roman Josi
Last Minutes Defensive
Center Left Wing Right Wing Defense Defense
Evgeny Kuznetsov Kyle Connor Nikita Kucherov Victor Hedman Roman Josi
Goaltenders
Starting : Andrei Vasilevskiy
Backup : Ilya Samsonov
Extra Forwards
Normal : Jesper Bratt, Tim Stutzle, Nick Schmaltz - PP : Jesper Bratt, Tim Stutzle - PK : Kevin Hayes
Extra Defensemen
Normal : Shea Theodore, Martin Fehervary, Zach Werenski - PP : Shea Theodore - PK : Martin Fehervary, Zach Werenski
Penalty Shots
Jakub Vrana, Evgeny Kuznetsov, Tim Stutzle, Shea Theodore, Jesper Bratt
Winnipeg Jets
5 vs 5 Forward
Center Left Wing Right Wing Time % Phy DF OF
1 Connor McDavid Ryan Nugent-Hopkins Andrew Copp 30 1 2 2
2 Dylan Larkin Tyler Toffoli Mark Stone 30 1 2 2
3 Nick Suzuki Mathew Barzal Kyle Palmieri 25 1 2 2
4 Sam Steel Jonathan Marchessault Andrew Cogliano 15 1 2 2
5 vs 5 Defense
Defense Defense Time % Phy DF OF
1 Aaron Ekblad Seth Jones 35 1 2 2
2 Brandon Montour Jacob Trouba 35 1 2 2
3 Kevin Shattenkirk John Klingberg 30 1 2 2
4 Aaron Ekblad Seth Jones 0 1 2 2
PowerPlay Forward
Center Left Wing Right Wing Time % Phy DF OF
1 Connor McDavid Ryan Nugent-Hopkins Andrew Copp 50 1 2 2
2 Dylan Larkin Tyler Toffoli Mark Stone 50 1 2 2
PowerPlay Defense
Defense Defense Time % Phy DF OF
1 Aaron Ekblad Seth Jones 50 1 2 2
2 Brandon Montour Jacob Trouba 50 1 2 2
Penalty Kill 4 Players Forward
Center Wing Time % Phy DF OF
1 Connor McDavid Andrew Cogliano 50 1 2 2
2 Nick Suzuki Kyle Palmieri 50 1 2 2
Penalty Kill 4 Players Defense
Defense Defense Time % Phy DF OF
1 Aaron Ekblad Seth Jones 50 1 2 2
2 Brandon Montour Jacob Trouba 50 1 2 2
Penalty Kill - 3 Players Forward
Forward Time % Phy DF OF
1 Andrew Cogliano 50 1 2 2
2 Ryan Nugent-Hopkins 50 1 2 2
Penalty Kill - 3 Players Defense
Defense Defense Time % Phy DF OF
1 Aaron Ekblad Seth Jones 50 1 2 2
2 Brandon Montour Jacob Trouba 50 1 2 2
4 vs 4 Forward
Center Wing Time % Phy DF OF
1 Connor McDavid Ryan Nugent-Hopkins 50 1 2 2
2 Dylan Larkin Nick Suzuki 50 1 2 2
4 vs 4 Defense
Defense Defense Time % Phy DF OF
1 Aaron Ekblad Seth Jones 50 1 2 2
2 Brandon Montour Jacob Trouba 50 1 2 2
Last Minutes Offensive
Center Left Wing Right Wing Defense Defense
Connor McDavid Ryan Nugent-Hopkins Andrew Copp Aaron Ekblad Seth Jones
Last Minutes Defensive
Center Left Wing Right Wing Defense Defense
Nick Suzuki Andrew Cogliano Sam Steel Aaron Ekblad Seth Jones
Goaltenders
Starting : Connor Hellebuyck
Backup : Jake Allen
Extra Forwards
Normal : Andrew Cogliano, Mathew Barzal, Jonathan Marchessault - PP : Andrew Cogliano, Mathew Barzal - PK : Jonathan Marchessault
Extra Defensemen
Normal : Kevin Shattenkirk, John Klingberg, Brandon Montour - PP : Kevin Shattenkirk - PK : John Klingberg, Brandon Montour
Penalty Shots
Connor McDavid, Ryan Nugent-Hopkins, Dylan Larkin, Nick Suzuki, Andrew Copp
% Time on Ice - Colorado Rockies
Lines # - Real PCT - Wanted PCT - Time Play
Normal Forward
1 - 28% - 30% - 10:40
2 - 27% - 29% - 10:00
3 - 29% - 29% - 10:50
4 - 17% - 12% - 6:14
Normal Defense
1 - 39% - 35% - 14:36
2 - 37% - 35% - 14:00
3 - 21% - 22% - 7:48
4 - 4% - 8% - 1:20
PP Forward
1 - 61% - 60% - 10:37
2 - 39% - 40% - 6:48
PP Defense
1 - 70% - 60% - 12:07
2 - 30% - 40% - 5:18
PK Forward
1 - 73% - 60% - 3:31
2 - 27% - 40% - 1:20
PK Defense
1 - 65% - 60% - 3:10
2 - 35% - 40% - 1:41
PK3 Forward
1 - 0% - 60%
2 - 0% - 40%
PK3 Defense
1 - 0% - 60%
2 - 0% - 40%
44 Forward
1 - 74% - 60% - 3:43
2 - 26% - 40% - 1:17
44 Defense
1 - 59% - 60% - 2:58
2 - 41% - 40% - 2:02
Last Minute Offensive - 0:00
Last Minute Defensive - 0:00
Total
Forward - 65:00
Defense - 65:00
|
% Time on Ice - Winnipeg Jets
Lines # - Real PCT - Wanted PCT - Time Play
Normal Forward
1 - 31% - 30% - 11:51
2 - 31% - 30% - 11:46
3 - 25% - 25% - 9:29
4 - 12% - 15% - 4:38
Normal Defense
1 - 34% - 35% - 12:42
2 - 36% - 35% - 13:28
3 - 31% - 30% - 11:34
4 - 0% - 0% - 0:00
PP Forward
1 - 52% - 50% - 2:31
2 - 48% - 50% - 2:20
PP Defense
1 - 50% - 50% - 2:25
2 - 50% - 50% - 2:26
PK Forward
1 - 55% - 50% - 8:55
2 - 45% - 50% - 7:22
PK Defense
1 - 58% - 50% - 9:23
2 - 42% - 50% - 6:54
PK3 Forward
1 - 50% - 50% - 0:34
2 - 50% - 50% - 0:34
PK3 Defense
1 - 31% - 50% - 0:21
2 - 69% - 50% - 0:47
44 Forward
1 - 47% - 50% - 2:21
2 - 53% - 50% - 2:39
44 Defense
1 - 41% - 50% - 2:04
2 - 59% - 50% - 2:56
Last Minute Offensive - 0:00
Last Minute Defensive - 0:00
Total
Forward - 65:00
Defense - 65:00
|
Play-by-Play
1st period
0:01 of 1st period - Evgeny Kuznetsov wins face-off versus Connor McDavid in neutral zone.
0:04 of 1st period - Snap shot by Kyle Connor.
0:04 of 1st period - Stopped by Connor Hellebuyck without a rebound.
0:05 of 1st period - Kyle Connor wins face-off versus Connor McDavid in Winnipeg Jets zone.
0:36 of 1st period - Wrist shot by Ryan O'Reilly.
0:36 of 1st period - Stopped by Connor Hellebuyck with a rebound.
0:38 of 1st period - Snap shot by Zach Werenski.
0:38 of 1st period - Shot Misses the Net.
0:40 of 1st period - Slapshot by Ryan O'Reilly.
0:40 of 1st period - Stopped by Connor Hellebuyck with a rebound.
0:42 of 1st period - Snap shot by David Pastrnak.
0:42 of 1st period - Stopped by Connor Hellebuyck with a rebound.
0:44 of 1st period - Slapshot by Ryan O'Reilly.
0:44 of 1st period - Stopped by Connor Hellebuyck with a rebound.
0:53 of 1st period - Off-side.
0:54 of 1st period - Nick Suzuki wins face-off versus Dylan Strome in neutral zone.
1:22 of 1st period - Off-side.
1:23 of 1st period - Nick Bonino wins face-off versus Sam Steel in neutral zone.
1:35 of 1st period - Snap shot by John Klingberg.
1:35 of 1st period - Shot Misses the Net.
1:37 of 1st period - Slapshot by Kevin Shattenkirk.
1:37 of 1st period - Deflect By Jonathan Marchessault.
1:37 of 1st period - Goal by Jonathan Marchessault - Colorado Rockies : 0 - Winnipeg Jets : 1.
1:38 of 1st period - Ryan O'Reilly wins face-off versus Mark Stone in neutral zone.
1:42 of 1st period - Minor Penalty to Zach Werenski for Cross-checking.
1:43 of 1st period - Andrew Copp wins face-off versus Kevin Hayes in Colorado Rockies zone.
1:51 of 1st period - Snap shot by Ryan Nugent-Hopkins.
1:51 of 1st period - Shot Blocked by Ryan O'Reilly.
1:53 of 1st period - Wrist shot by Ryan Nugent-Hopkins.
1:53 of 1st period - Deflect By Connor McDavid.
1:53 of 1st period - Shot Misses the Net.
1:53 of 1st period - Puck is out of play.
1:54 of 1st period - Dylan Larkin wins face-off versus Ryan O'Reilly in Colorado Rockies zone.
1:57 of 1st period - Snap shot by Dylan Larkin.
1:57 of 1st period - Stopped by Andrei Vasilevskiy with a rebound.
3:42 of 1st period - Penalty to Zach Werenski is over, Zach Werenski is back on ice.
3:48 of 1st period - Off-side.
3:49 of 1st period - Dylan Strome wins face-off versus Nick Suzuki in neutral zone.
4:16 of 1st period - Kevin Shattenkirk is hit by Roman Josi and loses puck.
5:01 of 1st period - Off-side.
5:02 of 1st period - Ryan O'Reilly wins face-off versus Connor McDavid in neutral zone.
5:13 of 1st period - Snap shot by Nick Schmaltz.
5:13 of 1st period - Shot Blocked by Jacob Trouba.
5:33 of 1st period - Dylan Larkin is hit by Nikita Kucherov and loses puck.
6:02 of 1st period - Snap shot by Jesper Bratt.
6:02 of 1st period - Stopped by Connor Hellebuyck without a rebound.
6:03 of 1st period - Ryan O'Reilly wins face-off versus Connor McDavid in Winnipeg Jets zone.
6:06 of 1st period - Wrist shot by David Pastrnak.
6:06 of 1st period - Stopped by Connor Hellebuyck without a rebound.
6:07 of 1st period - Ryan O'Reilly wins face-off versus Connor McDavid in Winnipeg Jets zone.
6:10 of 1st period - Snap shot by Ryan O'Reilly.
6:10 of 1st period - Stopped by Connor Hellebuyck with a rebound.
6:22 of 1st period - John Klingberg is hit by Zach Werenski.
6:39 of 1st period - Snap shot by Mark Stone.
6:39 of 1st period - Shot Misses the Net.
6:41 of 1st period - Wrist shot by Tyler Toffoli.
6:41 of 1st period - Shot Misses the Net.
6:43 of 1st period - Snap shot by Dylan Larkin.
6:43 of 1st period - Shot Misses the Net.
6:45 of 1st period - Wrist shot by Dylan Larkin.
6:45 of 1st period - Shot Hit the Post.
6:57 of 1st period - Snap shot by Mathew Barzal.
6:57 of 1st period - Shot Misses the Net.
6:59 of 1st period - Snap shot by Aaron Ekblad.
6:59 of 1st period - Stopped by Andrei Vasilevskiy with a rebound.
8:08 of 1st period - Wrist shot by Mark Stone.
8:08 of 1st period - Stopped by Andrei Vasilevskiy with a rebound.
9:06 of 1st period - Snap shot by David Pastrnak.
9:06 of 1st period - Shot Blocked by Kevin Shattenkirk.
9:08 of 1st period - Wrist shot by Ryan O'Reilly.
9:08 of 1st period - Deflect By Kevin Shattenkirk.
9:08 of 1st period - Shot Blocked by Ryan Nugent-Hopkins.
9:08 of 1st period - Puck is out of play.
9:09 of 1st period - Connor McDavid wins face-off versus Ryan O'Reilly in Winnipeg Jets zone.
9:22 of 1st period - Snap shot by Ryan Nugent-Hopkins.
9:22 of 1st period - Stopped by Andrei Vasilevskiy without a rebound.
9:23 of 1st period - Dylan Strome wins face-off versus Mark Stone in Colorado Rockies zone.
9:28 of 1st period - Wrist shot by Dylan Strome.
9:28 of 1st period - Stopped by Connor Hellebuyck without a rebound.
9:29 of 1st period - Tyler Toffoli wins face-off versus Dylan Strome in Winnipeg Jets zone.
9:29 of 1st period - Tyler Toffoli is hit by Jesper Bratt.
9:37 of 1st period - Snap shot by Jesper Bratt.
9:37 of 1st period - Shot Misses the Net.
10:01 of 1st period - Nikita Kucherov is hit by Brandon Montour and loses puck.
10:18 of 1st period - Snap shot by Ryan O'Reilly.
10:18 of 1st period - Stopped by Connor Hellebuyck with a rebound.
10:20 of 1st period - Wrist shot by David Pastrnak.
10:20 of 1st period - Deflect By Nick Schmaltz.
10:20 of 1st period - Stopped by Connor Hellebuyck without a rebound.
10:21 of 1st period - Ryan O'Reilly wins face-off versus Connor McDavid in Winnipeg Jets zone.
10:26 of 1st period - Snap shot by Nick Schmaltz.
10:26 of 1st period - Shot Misses the Net.
10:28 of 1st period - Snap shot by David Pastrnak.
10:28 of 1st period - Deflect By Nick Schmaltz.
10:28 of 1st period - Goal by Nick Schmaltz - Colorado Rockies : 1 - Winnipeg Jets : 1.
10:29 of 1st period - Dylan Larkin wins face-off versus Dylan Strome in neutral zone.
10:54 of 1st period - Tyler Toffoli is hit by David Pastrnak and loses puck.
10:59 of 1st period - Slapshot by David Pastrnak.
10:59 of 1st period - Shot Misses the Net.
11:30 of 1st period - Off-side.
11:31 of 1st period - Nick Suzuki wins face-off versus Nick Bonino in neutral zone.
12:14 of 1st period - Wrist shot by Mathew Barzal.
12:14 of 1st period - Shot Misses the Net.
13:33 of 1st period - Connor McDavid is hit by Zach Werenski and loses puck.
15:23 of 1st period - Snap shot by Kevin Hayes.
15:23 of 1st period - Shot Blocked by Andrew Copp.
15:39 of 1st period - Nick Suzuki is hit by Tim Stutzle and loses puck.
16:22 of 1st period - Snap shot by Kevin Hayes.
16:22 of 1st period - Stopped by Connor Hellebuyck with a rebound.
16:24 of 1st period - Wrist shot by Kevin Hayes.
16:24 of 1st period - Stopped by Connor Hellebuyck without a rebound.
16:25 of 1st period - Nick Bonino wins face-off versus Nick Suzuki in Winnipeg Jets zone.
16:40 of 1st period - Wrist shot by Jakub Vrana.
16:40 of 1st period - Goal by Jakub Vrana - Colorado Rockies : 2 - Winnipeg Jets : 1.
16:41 of 1st period - Dylan Larkin wins face-off versus Dylan Strome in neutral zone.
17:30 of 1st period - Snap shot by Nikita Kucherov.
17:30 of 1st period - Stopped by Connor Hellebuyck without a rebound.
17:31 of 1st period - Evgeny Kuznetsov wins face-off versus Nick Suzuki in Winnipeg Jets zone.
17:51 of 1st period - Minor Penalty to Kyle Palmieri for Hooking.
17:52 of 1st period - Connor McDavid wins face-off versus Kyle Connor in Winnipeg Jets zone.
18:06 of 1st period - Wrist shot by Nikita Kucherov.
18:06 of 1st period - Shot Blocked by Seth Jones.
18:08 of 1st period - Wrist shot by Roman Josi.
18:08 of 1st period - Stopped by Connor Hellebuyck with a rebound.
19:51 of 1st period - Penalty to Kyle Palmieri is over, Kyle Palmieri is back on ice.
Goals for this period are 2 for Colorado Rockies vs 1 for Winnipeg Jets.
Shots for this period are 17 for Colorado Rockies vs 5 for Winnipeg Jets.
2nd period
0:01 of 2nd period - Dylan Larkin wins face-off versus Dylan Strome in neutral zone.
0:14 of 2nd period - Wrist shot by Jesper Bratt.
0:14 of 2nd period - Shot Misses the Net.
0:22 of 2nd period - Minor Penalty to Tim Stutzle for Hooking.
0:23 of 2nd period - Ryan O'Reilly wins face-off versus Connor McDavid in Colorado Rockies zone.
0:50 of 2nd period - Ryan O'Reilly is hit by Seth Jones and loses puck.
2:22 of 2nd period - Penalty to Tim Stutzle is over, Tim Stutzle is back on ice.
2:28 of 2nd period - Snap shot by Jonathan Marchessault.
2:28 of 2nd period - Stopped by Andrei Vasilevskiy with a rebound.
2:30 of 2nd period - Slapshot by Andrew Cogliano.
2:30 of 2nd period - Deflect By Tim Stutzle.
2:30 of 2nd period - Shot Misses the Net.
2:30 of 2nd period - Puck is out of play.
2:31 of 2nd period - Dylan Strome wins face-off versus Sam Steel in Colorado Rockies zone.
2:42 of 2nd period - Kevin Shattenkirk is hit by Victor Hedman.
3:28 of 2nd period - Snap shot by Mark Stone.
3:28 of 2nd period - Shot Misses the Net.
4:03 of 2nd period - Wrist shot by Jesper Bratt.
4:03 of 2nd period - Shot Misses the Net.
4:31 of 2nd period - Snap shot by Nikita Kucherov.
4:31 of 2nd period - Deflect By Evgeny Kuznetsov.
4:31 of 2nd period - Shot Misses the Net.
4:31 of 2nd period - Puck is out of play.
4:32 of 2nd period - Ryan O'Reilly wins face-off versus Andrew Copp in Winnipeg Jets zone.
4:59 of 2nd period - Martin Fehervary is hit by Kevin Shattenkirk and loses puck.
5:21 of 2nd period - Nick Suzuki is hit by Victor Hedman and loses puck.
5:28 of 2nd period - Slapshot by Aaron Ekblad.
5:28 of 2nd period - Stopped by Andrei Vasilevskiy without a rebound.
5:29 of 2nd period - Ryan Nugent-Hopkins wins face-off versus Ryan O'Reilly in Colorado Rockies zone.
5:38 of 2nd period - Snap shot by Connor McDavid.
5:38 of 2nd period - Stopped by Andrei Vasilevskiy without a rebound.
5:39 of 2nd period - Connor McDavid wins face-off versus Ryan O'Reilly in Colorado Rockies zone.
6:18 of 2nd period - Wrist shot by David Pastrnak.
6:18 of 2nd period - Shot Misses the Net.
6:20 of 2nd period - Slapshot by Roman Josi.
6:20 of 2nd period - Deflect By Nick Schmaltz.
6:20 of 2nd period - Stopped by Connor Hellebuyck with a rebound.
6:22 of 2nd period - Snap shot by Nick Schmaltz.
6:22 of 2nd period - Stopped by Connor Hellebuyck without a rebound.
6:23 of 2nd period - Evgeny Kuznetsov wins face-off versus Dylan Larkin in Winnipeg Jets zone.
6:27 of 2nd period - Minor Penalty to Jacob Trouba for Tripping.
6:28 of 2nd period - Connor McDavid wins face-off versus Evgeny Kuznetsov in Winnipeg Jets zone.
6:31 of 2nd period - Off-side.
6:32 of 2nd period - Connor McDavid wins face-off versus Evgeny Kuznetsov in neutral zone.
7:06 of 2nd period - Off-side.
7:07 of 2nd period - Kyle Connor wins face-off versus Nick Suzuki in neutral zone.
8:23 of 2nd period - Icing by Roman Josi.
8:24 of 2nd period - Nick Suzuki wins face-off versus Evgeny Kuznetsov in Colorado Rockies zone.
8:27 of 2nd period - Penalty to Jacob Trouba is over, Jacob Trouba is back on ice.
8:33 of 2nd period - Wrist shot by Kyle Palmieri.
8:33 of 2nd period - Shot Blocked by Quinn Hughes.
8:41 of 2nd period - Wrist shot by Kyle Palmieri.
8:41 of 2nd period - Stopped by Andrei Vasilevskiy with a rebound.
8:43 of 2nd period - Snap shot by Kyle Palmieri.
8:43 of 2nd period - Deflect By Jacob Trouba.
8:43 of 2nd period - Stopped by Andrei Vasilevskiy with a rebound.
8:47 of 2nd period - Snap shot by Nick Suzuki.
8:47 of 2nd period - Stopped by Andrei Vasilevskiy with a rebound.
8:49 of 2nd period - Slapshot by Brandon Montour.
8:49 of 2nd period - Shot Misses the Net.
8:55 of 2nd period - Snap shot by Kyle Palmieri.
8:55 of 2nd period - Shot Blocked by Kyle Connor.
8:57 of 2nd period - Slapshot by Nick Suzuki.
8:57 of 2nd period - Shot Misses the Net.
8:59 of 2nd period - Snap shot by Jacob Trouba.
8:59 of 2nd period - Shot Blocked by Roman Josi.
9:15 of 2nd period - Wrist shot by Nikita Kucherov.
9:15 of 2nd period - Stopped by Connor Hellebuyck with a rebound.
9:27 of 2nd period - Wrist shot by Kyle Palmieri.
9:27 of 2nd period - Shot Misses the Net.
9:29 of 2nd period - Snap shot by Kyle Palmieri.
9:29 of 2nd period - Stopped by Andrei Vasilevskiy without a rebound.
9:30 of 2nd period - Andrew Copp wins face-off versus Dylan Strome in Colorado Rockies zone.
9:41 of 2nd period - Backhand shot by Ryan Nugent-Hopkins.
9:41 of 2nd period - Shot Misses the Net.
9:43 of 2nd period - Snap shot by Ryan Nugent-Hopkins.
9:43 of 2nd period - Shot Hit the Post.
9:57 of 2nd period - Ryan O'Reilly is hit by Tyler Toffoli and loses puck.
10:02 of 2nd period - Wrist shot by Dylan Larkin.
10:02 of 2nd period - Stopped by Andrei Vasilevskiy without a rebound.
10:03 of 2nd period - Ryan O'Reilly wins face-off versus Dylan Larkin in Colorado Rockies zone.
10:03 of 2nd period - Ryan O'Reilly is hit by Mark Stone.
10:15 of 2nd period - Wrist shot by David Pastrnak.
10:15 of 2nd period - Stopped by Connor Hellebuyck without a rebound.
10:16 of 2nd period - Connor McDavid wins face-off versus Dylan Strome in Winnipeg Jets zone.
11:07 of 2nd period - Slapshot by Aaron Ekblad.
11:07 of 2nd period - Stopped by Andrei Vasilevskiy without a rebound.
11:08 of 2nd period - Sam Steel wins face-off versus Nick Bonino in Colorado Rockies zone.
11:13 of 2nd period - Snap shot by John Klingberg.
11:13 of 2nd period - Shot Misses the Net.
11:15 of 2nd period - Snap shot by Jonathan Marchessault.
11:15 of 2nd period - Goal by Jonathan Marchessault - Colorado Rockies : 2 - Winnipeg Jets : 2.
11:16 of 2nd period - Nick Suzuki wins face-off versus Dylan Strome in neutral zone.
11:23 of 2nd period - Kyle Palmieri is hit by Dylan Strome and loses puck.
12:50 of 2nd period - Mathew Barzal is hit by Jesper Bratt and loses puck.
13:16 of 2nd period - Nikita Kucherov is hit by Ryan Nugent-Hopkins and loses puck.
14:43 of 2nd period - Wrist shot by Kyle Connor.
14:43 of 2nd period - Stopped by Connor Hellebuyck with a rebound.
15:11 of 2nd period - Snap shot by David Pastrnak.
15:11 of 2nd period - Shot Misses the Net.
15:13 of 2nd period - Backhand shot by Shea Theodore.
15:13 of 2nd period - Shot Blocked by Seth Jones.
15:58 of 2nd period - Jakub Vrana is hit by Kyle Palmieri and loses puck.
16:45 of 2nd period - Wrist shot by Kevin Hayes.
16:45 of 2nd period - Stopped by Connor Hellebuyck without a rebound.
16:46 of 2nd period - Evgeny Kuznetsov wins face-off versus Dylan Larkin in Winnipeg Jets zone.
16:53 of 2nd period - Slapshot by Nikita Kucherov.
16:53 of 2nd period - Stopped by Connor Hellebuyck with a rebound.
17:01 of 2nd period - Wrist shot by Nikita Kucherov.
17:01 of 2nd period - Shot Misses the Net.
17:26 of 2nd period - Wrist shot by Connor McDavid.
17:26 of 2nd period - Shot Blocked by Dylan Strome.
17:38 of 2nd period - Snap shot by Brandon Montour.
17:38 of 2nd period - Shot Blocked by Martin Fehervary.
17:40 of 2nd period - Wrist shot by Jonathan Marchessault.
17:40 of 2nd period - Stopped by Andrei Vasilevskiy without a rebound.
17:41 of 2nd period - Sam Steel wins face-off versus Ryan O'Reilly in Colorado Rockies zone.
17:44 of 2nd period - Slapshot by Brandon Montour.
17:44 of 2nd period - Stopped by Andrei Vasilevskiy without a rebound.
17:45 of 2nd period - Mathew Barzal wins face-off versus Ryan O'Reilly in Colorado Rockies zone.
17:48 of 2nd period - Snap shot by Nick Suzuki.
17:48 of 2nd period - Stopped by Andrei Vasilevskiy with a rebound.
17:59 of 2nd period - Victor Hedman is hit by Brandon Montour and loses puck.
18:08 of 2nd period - Minor Penalty to Jacob Trouba for Holding Stick.
18:09 of 2nd period - Evgeny Kuznetsov wins face-off versus Connor McDavid in Winnipeg Jets zone.
18:20 of 2nd period - Slapshot by Evgeny Kuznetsov.
18:20 of 2nd period - Shot Blocked by Seth Jones.
18:22 of 2nd period - Snap shot by Evgeny Kuznetsov.
18:22 of 2nd period - Stopped by Connor Hellebuyck with a rebound.
18:24 of 2nd period - Slapshot by Roman Josi.
18:24 of 2nd period - Shot Blocked by Andrew Cogliano.
18:26 of 2nd period - Backhand shot by Evgeny Kuznetsov.
18:26 of 2nd period - Stopped by Connor Hellebuyck without a rebound.
18:27 of 2nd period - Ryan O'Reilly wins face-off versus Nick Suzuki in Winnipeg Jets zone.
18:36 of 2nd period - Slapshot by Roman Josi.
18:36 of 2nd period - Deflect By David Pastrnak.
18:36 of 2nd period - Stopped by Connor Hellebuyck without a rebound.
18:37 of 2nd period - Ryan O'Reilly wins face-off versus Nick Suzuki in Winnipeg Jets zone.
18:40 of 2nd period - Wrist shot by Nick Schmaltz.
18:40 of 2nd period - Goal by Nick Schmaltz - Colorado Rockies : 3 - Winnipeg Jets : 2.
18:41 of 2nd period - Evgeny Kuznetsov wins face-off versus Dylan Larkin in neutral zone.
18:54 of 2nd period - Wrist shot by Kyle Connor.
18:54 of 2nd period - Shot Blocked by Kevin Shattenkirk.
19:04 of 2nd period - Minor Penalty to John Klingberg for Hooking.
19:05 of 2nd period - Evgeny Kuznetsov wins face-off versus Nick Suzuki in Winnipeg Jets zone.
19:38 of 2nd period - Slapshot by Quinn Hughes.
19:38 of 2nd period - Shot Blocked by Aaron Ekblad.
19:40 of 2nd period - Snap shot by Nick Schmaltz.
19:40 of 2nd period - Shot Misses the Net.
19:42 of 2nd period - Backhand shot by Ryan O'Reilly.
19:42 of 2nd period - Shot Misses the Net.
Goals for this period are 1 for Colorado Rockies vs 1 for Winnipeg Jets.
Shots for this period are 11 for Colorado Rockies vs 13 for Winnipeg Jets.
3rd period
0:01 of 3rd period - Evgeny Kuznetsov wins face-off versus Connor McDavid in neutral zone.
0:04 of 3rd period - Slapshot by Roman Josi.
0:04 of 3rd period - Stopped by Connor Hellebuyck with a rebound.
0:06 of 3rd period - Slapshot by Quinn Hughes.
0:06 of 3rd period - Stopped by Connor Hellebuyck with a rebound.
0:08 of 3rd period - Slapshot by Roman Josi.
0:08 of 3rd period - Deflect By Kyle Connor.
0:08 of 3rd period - Shot Misses the Net.
0:08 of 3rd period - Puck is out of play.
0:09 of 3rd period - Connor McDavid wins face-off versus Evgeny Kuznetsov in Winnipeg Jets zone.
0:24 of 3rd period - Slapshot by Brandon Montour.
0:24 of 3rd period - Stopped by Andrei Vasilevskiy without a rebound.
0:25 of 3rd period - Nick Suzuki wins face-off versus Evgeny Kuznetsov in Colorado Rockies zone.
0:34 of 3rd period - Slapshot by Nikita Kucherov.
0:34 of 3rd period - Stopped by Connor Hellebuyck with a rebound.
1:04 of 3rd period - Penalty to John Klingberg is over, John Klingberg is back on ice.
1:11 of 3rd period - Aaron Ekblad is hit by Kevin Hayes and loses puck.
1:19 of 3rd period - Off-side.
1:20 of 3rd period - Dylan Larkin wins face-off versus Dylan Strome in neutral zone.
1:25 of 3rd period - Slapshot by Brandon Montour.
1:25 of 3rd period - Deflect By Dylan Larkin.
1:25 of 3rd period - Shot Misses the Net.
1:25 of 3rd period - Puck is out of play.
1:26 of 3rd period - Dylan Larkin wins face-off versus Dylan Strome in Colorado Rockies zone.
1:29 of 3rd period - Wrist shot by Dylan Larkin.
1:29 of 3rd period - Shot Blocked by Zach Werenski.
1:32 of 3rd period - Minor Penalty to Jacob Trouba for Holding.
1:33 of 3rd period - Kyle Connor wins face-off versus Nick Suzuki in Winnipeg Jets zone.
1:40 of 3rd period - Snap shot by Kyle Connor.
1:40 of 3rd period - Shot Misses the Net.
1:42 of 3rd period - Snap shot by Kyle Connor.
1:42 of 3rd period - Goal by Kyle Connor - Colorado Rockies : 4 - Winnipeg Jets : 2.
1:43 of 3rd period - Connor McDavid wins face-off versus Ryan O'Reilly in neutral zone.
2:09 of 3rd period - Nikita Kucherov is hit by Nick Suzuki and loses puck.
2:40 of 3rd period - Snap shot by Jesper Bratt.
2:40 of 3rd period - Shot Blocked by Jacob Trouba.
2:42 of 3rd period - Minor Penalty to Brandon Montour for Interference.
2:43 of 3rd period - Connor McDavid wins face-off versus Evgeny Kuznetsov in Winnipeg Jets zone.
3:33 of 3rd period - Minor Penalty to Connor McDavid for Hooking.
3:34 of 3rd period - Andrew Cogliano wins face-off versus Evgeny Kuznetsov in Winnipeg Jets zone.
4:39 of 3rd period - Victor Hedman is hit by Aaron Ekblad and loses puck.
4:42 of 3rd period - Penalty to Brandon Montour is over, Brandon Montour is back on ice.
4:46 of 3rd period - Brandon Montour is hit by Nick Schmaltz and loses puck.
5:33 of 3rd period - Penalty to Connor McDavid is over, Connor McDavid is back on ice.
6:02 of 3rd period - Off-side.
6:03 of 3rd period - Connor McDavid wins face-off versus Nick Bonino in neutral zone.
6:20 of 3rd period - Snap shot by Connor McDavid.
6:20 of 3rd period - Stopped by Andrei Vasilevskiy with a rebound.
6:41 of 3rd period - Minor Penalty to Martin Fehervary for Roughing.
6:42 of 3rd period - Ryan O'Reilly wins face-off versus Dylan Larkin in Colorado Rockies zone.
7:10 of 3rd period - Wrist shot by Tyler Toffoli.
7:10 of 3rd period - Shot Misses the Net.
7:12 of 3rd period - Snap shot by Connor McDavid.
7:12 of 3rd period - Shot Misses the Net.
7:14 of 3rd period - Wrist shot by Ryan Nugent-Hopkins.
7:14 of 3rd period - Stopped by Andrei Vasilevskiy with a rebound.
7:16 of 3rd period - Wrist shot by Ryan Nugent-Hopkins.
7:16 of 3rd period - Goal by Ryan Nugent-Hopkins - Colorado Rockies : 4 - Winnipeg Jets : 3.
7:17 of 3rd period - Evgeny Kuznetsov wins face-off versus Nick Suzuki in neutral zone.
7:26 of 3rd period - Wrist shot by Evgeny Kuznetsov.
7:26 of 3rd period - Shot Misses the Net.
7:53 of 3rd period - Wrist shot by Nick Suzuki.
7:53 of 3rd period - Stopped by Andrei Vasilevskiy with a rebound.
7:55 of 3rd period - Snap shot by Kyle Palmieri.
7:55 of 3rd period - Stopped by Andrei Vasilevskiy without a rebound.
7:56 of 3rd period - Dylan Larkin wins face-off versus Ryan O'Reilly in Colorado Rockies zone.
8:11 of 3rd period - Snap shot by Mark Stone.
8:11 of 3rd period - Stopped by Andrei Vasilevskiy without a rebound.
8:12 of 3rd period - Connor McDavid wins face-off versus Evgeny Kuznetsov in Colorado Rockies zone.
8:13 of 3rd period - Wrist shot by Ryan Nugent-Hopkins.
8:13 of 3rd period - Stopped by Andrei Vasilevskiy without a rebound.
8:14 of 3rd period - Connor McDavid wins face-off versus Nikita Kucherov in Colorado Rockies zone.
8:28 of 3rd period - Slapshot by Roman Josi.
8:28 of 3rd period - Deflect By Nikita Kucherov.
8:28 of 3rd period - Shot Misses the Net.
8:28 of 3rd period - Puck is out of play.
8:29 of 3rd period - Ryan O'Reilly wins face-off versus Dylan Larkin in Winnipeg Jets zone.
8:35 of 3rd period - Minor Penalty to Dylan Larkin for Hooking.
8:36 of 3rd period - Evgeny Kuznetsov wins face-off versus Connor McDavid in Winnipeg Jets zone.
8:48 of 3rd period - Snap shot by Nikita Kucherov.
8:48 of 3rd period - Stopped by Connor Hellebuyck with a rebound.
9:28 of 3rd period - Evgeny Kuznetsov is hit by Seth Jones and loses puck.
10:35 of 3rd period - Penalty to Dylan Larkin is over, Dylan Larkin is back on ice.
10:52 of 3rd period - Slapshot by Roman Josi.
10:52 of 3rd period - Stopped by Connor Hellebuyck without a rebound.
10:53 of 3rd period - Dylan Larkin wins face-off versus Dylan Strome in Winnipeg Jets zone.
11:00 of 3rd period - Snap shot by Mark Stone.
11:00 of 3rd period - Stopped by Andrei Vasilevskiy with a rebound.
11:02 of 3rd period - Slapshot by Kevin Shattenkirk.
11:02 of 3rd period - Shot Blocked by Jesper Bratt.
11:19 of 3rd period - Minor Penalty to Kevin Shattenkirk for Hooking.
11:20 of 3rd period - Andrew Cogliano wins face-off versus Evgeny Kuznetsov in Winnipeg Jets zone.
11:50 of 3rd period - Snap shot by Nick Schmaltz.
11:50 of 3rd period - Stopped by Connor Hellebuyck without a rebound.
11:51 of 3rd period - Nick Suzuki wins face-off versus Evgeny Kuznetsov in Winnipeg Jets zone.
11:53 of 3rd period - Aaron Ekblad is hit by Evgeny Kuznetsov and loses puck.
12:32 of 3rd period - Nikita Kucherov is hit by Connor McDavid and loses puck.
12:56 of 3rd period - Icing by Zach Werenski.
12:57 of 3rd period - Evgeny Kuznetsov wins face-off versus Nick Suzuki in Colorado Rockies zone.
13:19 of 3rd period - Penalty to Kevin Shattenkirk is over, Kevin Shattenkirk is back on ice.
13:44 of 3rd period - Backhand shot by David Pastrnak.
13:44 of 3rd period - Stopped by Connor Hellebuyck with a rebound.
13:46 of 3rd period - Slapshot by Nick Schmaltz.
13:46 of 3rd period - Shot Misses the Net.
13:48 of 3rd period - Snap shot by Nick Schmaltz.
13:48 of 3rd period - Shot Misses the Net.
13:58 of 3rd period - Snap shot by Ryan O'Reilly.
13:58 of 3rd period - Shot Misses the Net.
14:00 of 3rd period - Snap shot by Nick Schmaltz.
14:00 of 3rd period - Stopped by Connor Hellebuyck with a rebound.
14:02 of 3rd period - Wrist shot by Ryan O'Reilly.
14:02 of 3rd period - Goal by Ryan O'Reilly - Colorado Rockies : 5 - Winnipeg Jets : 3.
14:03 of 3rd period - Evgeny Kuznetsov wins face-off versus Andrew Copp in neutral zone.
14:08 of 3rd period - Wrist shot by Nikita Kucherov.
14:08 of 3rd period - Stopped by Connor Hellebuyck with a rebound.
14:10 of 3rd period - Snap shot by Evgeny Kuznetsov.
14:10 of 3rd period - Stopped by Connor Hellebuyck with a rebound.
14:12 of 3rd period - Snap shot by Kyle Connor.
14:12 of 3rd period - Stopped by Connor Hellebuyck with a rebound.
14:14 of 3rd period - Snap shot by Nikita Kucherov.
14:14 of 3rd period - Shot Misses the Net.
14:16 of 3rd period - Slapshot by Evgeny Kuznetsov.
14:16 of 3rd period - Stopped by Connor Hellebuyck with a rebound.
14:26 of 3rd period - Minor Penalty to Aaron Ekblad for Interference.
14:27 of 3rd period - Nick Suzuki wins face-off versus Evgeny Kuznetsov in Winnipeg Jets zone.
15:10 of 3rd period - John Klingberg is hit by Roman Josi and loses puck.
16:26 of 3rd period - Penalty to Aaron Ekblad is over, Aaron Ekblad is back on ice.
16:33 of 3rd period - Slapshot by John Klingberg.
16:33 of 3rd period - Goal by John Klingberg - Colorado Rockies : 5 - Winnipeg Jets : 4.
16:34 of 3rd period - Connor McDavid wins face-off versus Dylan Strome in neutral zone.
16:41 of 3rd period - Snap shot by Connor McDavid.
16:41 of 3rd period - Stopped by Andrei Vasilevskiy without a rebound.
16:42 of 3rd period - Jesper Bratt wins face-off versus Nick Suzuki in Colorado Rockies zone.
16:44 of 3rd period - Minor Penalty to Tim Stutzle for Tripping.
16:45 of 3rd period - Connor McDavid wins face-off versus Ryan O'Reilly in Colorado Rockies zone.
16:51 of 3rd period - Snap shot by Connor McDavid.
16:51 of 3rd period - Stopped by Andrei Vasilevskiy without a rebound.
16:52 of 3rd period - Ryan O'Reilly wins face-off versus Connor McDavid in Colorado Rockies zone.
16:52 of 3rd period - Ryan O'Reilly is hit by Ryan Nugent-Hopkins.
17:02 of 3rd period - Snap shot by Jacob Trouba.
17:02 of 3rd period - Goal by Jacob Trouba - Colorado Rockies : 5 - Winnipeg Jets : 5.
17:03 of 3rd period - Nick Suzuki wins face-off versus Jesper Bratt in neutral zone.
17:12 of 3rd period - Wrist shot by Tim Stutzle.
17:12 of 3rd period - Shot Misses the Net.
17:13 of 3rd period - Minor Penalty to Kyle Palmieri for Cross-checking.
17:14 of 3rd period - Evgeny Kuznetsov wins face-off versus Nick Suzuki in Winnipeg Jets zone.
17:38 of 3rd period - Icing by Kyle Connor.
17:39 of 3rd period - Evgeny Kuznetsov wins face-off versus Connor McDavid in Colorado Rockies zone.
17:46 of 3rd period - Backhand shot by Evgeny Kuznetsov.
17:46 of 3rd period - Stopped by Connor Hellebuyck with a rebound.
19:05 of 3rd period - Snap shot by Kyle Connor.
19:05 of 3rd period - Shot Misses the Net.
19:07 of 3rd period - Snap shot by Kyle Connor.
19:07 of 3rd period - Shot Blocked by Aaron Ekblad.
19:13 of 3rd period - Penalty to Kyle Palmieri is over, Kyle Palmieri is back on ice.
19:13 of 3rd period - Snap shot by Kyle Connor.
19:13 of 3rd period - Shot Hit the Post.
19:15 of 3rd period - Slapshot by Roman Josi.
19:15 of 3rd period - Stopped by Connor Hellebuyck without a rebound.
19:16 of 3rd period - Dylan Strome wins face-off versus Nick Suzuki in Winnipeg Jets zone.
19:27 of 3rd period - Snap shot by Jesper Bratt.
19:27 of 3rd period - Shot Misses the Net.
Goals for this period are 2 for Colorado Rockies vs 3 for Winnipeg Jets.
Shots for this period are 16 for Colorado Rockies vs 13 for Winnipeg Jets.
Overtime #1
0:01 of 1st overtime period - Ryan O'Reilly wins face-off versus Connor McDavid in neutral zone.
0:14 of 1st overtime period - Ryan O'Reilly is hit by Connor McDavid and loses puck.
0:27 of 1st overtime period - Roman Josi is hit by Nick Suzuki.
1:58 of 1st overtime period - Evgeny Kuznetsov is hit by Mathew Barzal and loses puck.
2:05 of 1st overtime period - Aaron Ekblad is hit by David Pastrnak and loses puck.
2:24 of 1st overtime period - Aaron Ekblad is hit by Tim Stutzle and loses puck.
4:10 of 1st overtime period - John Klingberg is hit by Jesper Bratt and loses puck.
4:17 of 1st overtime period - Roman Josi is hit by Jacob Trouba and loses puck.
Goals for this period are 0 for Colorado Rockies vs 0 for Winnipeg Jets.
Shots for this period are 0 for Colorado Rockies vs 0 for Winnipeg Jets.
ShootOut
5:00 of 1st overtime period - Round #1.
5:00 of 1st overtime period - Colorado Rockies, Jakub Vrana.
5:00 of 1st overtime period - Wrist shot by Jakub Vrana.
5:00 of 1st overtime period - Stopped by Connor Hellebuyck.
5:00 of 1st overtime period - Winnipeg Jets, Connor McDavid.
5:00 of 1st overtime period - Snap shot by Connor McDavid.
5:00 of 1st overtime period - Shot Misses the Net.
5:00 of 1st overtime period - Round #2.
5:00 of 1st overtime period - Colorado Rockies, Evgeny Kuznetsov.
5:00 of 1st overtime period - Deke by Evgeny Kuznetsov.
5:00 of 1st overtime period - Stopped by Connor Hellebuyck.
5:00 of 1st overtime period - Winnipeg Jets, Ryan Nugent-Hopkins.
5:00 of 1st overtime period - Snap shot by Ryan Nugent-Hopkins.
5:00 of 1st overtime period - Goal by Ryan Nugent-Hopkins.
5:00 of 1st overtime period - Round #3.
5:00 of 1st overtime period - Colorado Rockies, Tim Stutzle.
5:00 of 1st overtime period - Wrist shot by Tim Stutzle.
5:00 of 1st overtime period - Goal by Tim Stutzle.
5:00 of 1st overtime period - Winnipeg Jets, Dylan Larkin.
5:00 of 1st overtime period - Snap shot by Dylan Larkin.
5:00 of 1st overtime period - Stopped by Andrei Vasilevskiy.
5:00 of 1st overtime period - Round #4.
5:00 of 1st overtime period - Colorado Rockies, Shea Theodore.
5:00 of 1st overtime period - Wrist shot by Shea Theodore.
5:00 of 1st overtime period - Stopped by Connor Hellebuyck.
5:00 of 1st overtime period - Winnipeg Jets, Nick Suzuki.
5:00 of 1st overtime period - Deke by Nick Suzuki.
5:00 of 1st overtime period - Stopped by Andrei Vasilevskiy.
5:00 of 1st overtime period - Round #5.
5:00 of 1st overtime period - Colorado Rockies, Jesper Bratt.
5:00 of 1st overtime period - Deke by Jesper Bratt.
5:00 of 1st overtime period - Goal by Jesper Bratt.
5:00 of 1st overtime period - Winnipeg Jets, Andrew Copp.
5:00 of 1st overtime period - Deke by Andrew Copp.
5:00 of 1st overtime period - Stopped by Andrei Vasilevskiy.
Back to the Top